 Dungeon Crawl Stone Soup version 0.24.0-35-gdb84b6a5db (webtiles) character file.

Game seed: 9713407608471039856, levelgen mode: deterministic

87 grindst0ne the Covert (level 4, -1/33 HPs)
             Began as a Vampire Assassin on Nov 20, 2019.
             Slain by Natasha (3 damage)
             ... on level 2 of the Dungeon.
             The game lasted 00:02:53 (517 turns).

grindst0ne the Covert (Vampire Assassin)             Turns: 517, Time: 00:02:54

Health: -1/33      AC:  4    Str:  9 (10) XL:     4   Next: 28%
Magic:  4/4        EV: 12    Int: 11 (13) God:
Gold:   8          SH:  0    Dex: 15 (16) Spells: 3/3 levels left

rFire    . . .     SeeInvis +   a - +2 dagger
rCold    . . .     Gourm    .   (no shield)
rNeg     . . .     Faith    .   b - +0 robe
rPois    .         Spirit   .   (no helmet)
rElec    .         Reflect  .   c - +0 cloak
rCorr    .         Harm     .   f - +0 pair of gloves
MR       .....                  (no boots)
Stlth    ++++......             (no amulet)
HPRegen  0.31/turn              (no ring)
MPRegen  0.09/turn              (no ring)

@: regenerating quickly
A: no food, fangs 3, see invisible, unbreathing
a: Exsanguinate


You were on level 2 of the Dungeon.
You were alive.

You visited 1 branch of the dungeon, and saw 2 of its levels.

You collected 8 gold pieces.

Inventory:

Hand Weapons
 a - a +2 dagger (weapon)
Missiles
 d - 8 poisoned darts (quivered)
 e - 2 curare-tipped darts
Armour
 b - a +0 robe (worn)
 c - a +0 cloak (worn)
 f - a +0 pair of gloves (worn)
Scrolls
 g - a scroll of teleportation {unknown}
 i - a scroll of fog {unknown}
 j - a scroll of remove curse {unknown}


   Skills:
 - Level 1.7 Fighting
 - Level 2.1 Short Blades
 - Level 1.5 Throwing
 - Level 1.1 Dodging
 + Level 8.9 Stealth


You had 3 spell levels left.
You didn't know any spells.
Your spell library was empty.

Dungeon Overview and Level Annotations

Branches:
Dungeon (1/15)

Altars:

Annotations:
D:2 Natasha


Innate Abilities, Weirdness & Mutations

You do not eat.
Your natural rate of healing is unusually fast.
You have razor-sharp teeth.
You have supernaturally acute eyesight. (SInv)
You can survive without breathing.


Message History

The magic dart hits you!
* * * LOW HITPOINT WARNING * * *
It was a potion of degeneration.
There was something very wrong with that liquid.
You feel weakened.
You feel dopey.
You feel clumsy. Natasha barely misses you.
You closely miss Natasha.
Natasha zaps a wand.
The puff of flame hits you.
* * * LOW HITPOINT WARNING * * *
You hit Natasha but do no damage. You bite Natasha, but do no damage.
Natasha closely misses you.
You hit Natasha.
Natasha is moderately wounded.
Natasha wildly gestures.
Natasha glows brightly for a moment.
Natasha claws you.
* * * LOW HITPOINT WARNING * * *
You hit Natasha but do no damage.
Natasha is moderately wounded.
Natasha claws you.
You die...

##....#######.#.#
##.##.# #..#.#
...###..##.######.##.#
#............%.......#
###....###.#####†###.#
#...## #.# #.# #†#
#.#. #.# #.# #.# #%#.
#.# #h# #.# . #. #.#
#@# #.# . #. #.# #.#
#h# ## ## ... #.# #.#
#.# #.# #.# #.# ....
##.# #.#########
....###..# #.5.......#
#.......####.....†...#
#.......###..........#


You could see Natasha.

Vanquished Creatures
  Natasha (D:2)
  4 adders (D:2)
  A dart slug (D:1)
  A leopard gecko (D:2)
  A ball python (D:1)
  2 giant cockroaches (D:1)
  3 hobgoblins
  4 jackals (D:1)
  2 kobolds (D:1)
  2 bats (D:1)
  3 frilled lizards (D:2)
  2 rats (D:1)
26 creatures vanquished.

Notes
Turn   | Place    | Note
-------+----------+-------------------------------------------
     0 | D:1      | grindst0ne the Vampire Assassin began the quest for the
                  | Orb.
     0 | D:1      | Reached XP level 1. HP: 16/16 MP: 1/1
    19 | D:1      | Reached skill level 6 in Stealth
    88 | D:1      | Reached XP level 2. HP: 22/22 MP: 2/2
   179 | D:1      | Reached skill level 7 in Stealth
   301 | D:1      | You fall into a shaft and drop 1 floor!
   322 | D:2      | Reached XP level 3. HP: 27/27 MP: 3/3
   359 | D:2      | Reached skill level 8 in Stealth
   383 | D:2      | Noticed Natasha
   397 | D:2      | Killed Natasha
   397 | D:2      | Reached XP level 4. HP: 12/33 MP: 4/4
   475 | D:2      | Noticed Natasha
   517 | D:2      | Slain by Natasha

Levels and vault maps discovered:
D:1:      evilmike_arrival_run_for_it, layout_basic, minmay_misc_feat_tower,
          minmay_parallelograms
D:2:      layout_rooms, first_ration, uniq_natasha, uniq_robin

Skill      XL: |  1  2  3 |
---------------+----------+-----
Stealth        | 6 7 8 |  8.9
Fighting       | |  1.7
Short Blades   | |  2.1
Throwing       | |  1.5
Dodging        | |  1.1

Action                   |  1- 3 |  4- 6 || total
-------------------------+-------+-------++-------
Melee: Dagger            |    72 |    11 ||    83
       Bite              |     6 |     2 ||     8
  Use: Potion            |       |     1 ||     1
 Stab: Sleeping          |     8 |       ||     8
Armor: Robe              |    19 |     3 ||    22
Dodge: Dodged            |    37 |     9 ||    46
